Map: Inside and Out

Players

MeomaikA - Winner!

  • Race: Zerg Zerg
  • Spawn Location: 1:00

Spirit

  • Race: Terran Terran
  • Spawn Location: 7:00

Event: DreamHack SC2 Masters 2022 Atlanta (Offline)

VOD

Have the link to the VOD?

Description

Time

  • Played on: Nov. 18, 2022, 7:07 p.m.
  • Length: 11:08

All games in this series

Show
View Real Time Build Order
Export as new Build Order

MeomaikA Zerg - Winner!

Build Orders: Pool First 

Get SALT Encoding   

  12  0:17  Spawning Pool  
  11  0:22  Drone  
  11  0:25  Drone  
  13  0:30  Drone  
  14  0:40  Overlord  
  14  1:03  Zergling x4, Queen  
  18  1:05  Zergling x2  
  19  1:15  Zergling x2  
  20  1:26  Drone  
  21  1:34  Hatchery  
  21  1:37  Drone  
  21  1:47  Overlord  
  21  1:51  Extractor  
  20  1:58  Drone  
  21  2:05  Queen  
  22  2:09  Drone  
  22  2:10  Drone  
  22  2:11  Drone  
  24  2:16  Drone  
  24  2:22  Drone  
  25  2:32  Drone  
  25  2:42  Queen  
  25  2:43  Drone  
  28  2:45  Queen  
  28  2:48  Drone  
  31  2:51  Drone  
  31  2:54  Drone  
  31  2:57  Drone  
  34  3:03  Metabolic Boost  
  34  3:07  Overlord  
  34  3:11  Drone  
  35  3:13  Drone  
  35  3:19  Overlord  
  36  3:26  Drone x3  
  39  3:27  Drone  
  39  3:30  Drone  
  39  3:32  Drone  
  42  3:39  Drone x3  
  45  3:56  Zergling x14  
  52  4:04  Overlord  
  52  4:05  Evolution Chamber  
  52  4:06  Evolution Chamber  
  50  4:11  Lair, Drone x2  
  50  4:12  Overlord  
  50  4:15  Extractor  
  51  4:18  Extractor  
  51  4:23  Drone  
  51  4:24  Drone  
  52  4:29  Drone  
  52  4:31  Drone  
  54  4:35  Drone x2  
  54  4:36  Zerg Melee Weapons Level 1  
  56  4:41  Zergling x4, Overlord  
  56  4:44  Drone x3  
  57  4:55  Zergling x4  
  56  5:03  Overlord x2  
  56  5:06  Spore Crawler x2  
  54  5:11  Overseer, Extractor  
  54  5:13  Hatchery  
  52  5:17  Spire  
  52  5:21  Drone x2  
  52  5:22  Spore Crawler  
  52  5:24  Drone x2  
  52  5:26  Drone  
  52  5:28  Zergling x2  
  55  5:34  Zerg Ground Armor Level 1  
  55  5:35  Zergling x2  
  56  5:37  Drone  
  56  5:40  Drone  
  56  5:41  Drone  
  59  5:46  Drone x2  
  60  6:01  Zergling x10  
  65  6:05  Zergling x8  
  69  6:15  Overlord  
  69  6:28  Mutalisk x6  
  76  6:45  Mutalisk  
  74  6:49  Zergling x2  
  74  6:50  Zergling x4, Drone x4  
  74  6:51  Drone x2  
  74  6:52  Drone  
  83  6:57  Zergling x2  
  83  6:58  Zergling x2  
  83  7:01  Drone x3  
  83  7:02  Zerg Flyer Weapons Level 1  
  83  7:03  Drone  
  87  7:08  Zergling x4  
  87  7:13  Zergling x2  
  89  7:18  Zergling x2  
  87  7:23  Zergling x2  
  87  7:24  Zergling x2  
  87  7:29  Drone  
  90  7:30  Drone x2  
  90  7:32  Overlord  
  90  7:33  Zerg Melee Weapons Level 2  
  90  7:34  Zergling x2  
  92  7:38  Zerg Ground Armor Level 2  
  92  7:40  Zergling x2  
  92  7:41  Drone  
  92  7:43  Drone  
  93  7:44  Drone, Hatchery  
  93  7:46  Drone  
  94  7:53  Mutalisk x2  
  94  7:55  Mutalisk  
  94  7:58  Extractor  
  99  8:00  Extractor  
  99  8:01  Drone x3  
  99  8:02  Drone x2  
  99  8:05  Zergling x6  
  106  8:07  Zergling x2  
  106  8:11  Overlord  
  107  8:14  Overlord  
  107  8:15  Baneling Nest  
  106  8:20  Overlord x2  
  106  8:30  Mutalisk x3  
  106  8:32  Zergling x4  
  114  8:37  Overlord x2  
  114  8:44  Zergling x14  
  114  8:48  Mutalisk x2  
  125  8:56  Zergling x4  
  125  8:57  Zergling x8  
  125  8:58  Zergling x2  
  125  8:59  Mutalisk  
  125  9:02  Zergling x2  
  135  9:04  Zergling x2  
  135  9:06  Zergling x4  
  135  9:07  Zergling x4  
  134  9:10  Zergling x2  
  134  9:14  Zergling x4  
  134  9:15  Zergling x4  
  134  9:16  Zergling x2  
  140  9:17  Zergling x2  
  140  9:19  Zergling x2  
  135  9:25  Zergling x4  
  135  9:29  Zergling x4  
  135  9:30  Zergling x4  
  121  9:32  Zergling x2  
  121  9:35  Drone  
  121  9:36  Drone  
  121  9:39  Zergling x2  
  121  9:40  Mutalisk  
  121  9:41  Mutalisk  
  121  9:43  Zergling x2, Drone  
  124  9:51  Mutalisk x4  
  132  9:53  Mutalisk  
  132  9:55  Zergling x2  
  132  9:56  Drone  
  132  9:58  Zergling x2  
  137  10:00  Zergling x4  
  137  10:02  Zergling x2  
  135  10:08  Zergling x6  
  135  10:09  Zergling x4  
  135  10:11  Zergling x2  
  135  10:13  Zergling x2  
  135  10:14  Zergling x2  
  122  10:16  Zergling x2  
  122  10:17  Zergling x2  
  122  10:18  Zergling x2  
  122  10:21  Zergling x4  
  117  10:23  Zergling x4  
  117  10:25  Zergling x2  
  117  10:26  Zergling x2  
  117  10:27  Zergling x2  
  113  10:30  Zergling x2  
  113  10:31  Zergling x2  
  113  10:34  Zergling x4  
  114  10:38  Zergling x4  
  114  10:40  Zergling x2  
  114  10:41  Zergling x4  
  114  10:42  Zergling x2  
  114  10:43  Zergling x2  
  114  10:44  Zergling x2  
  114  10:48  Drone  
  115  10:52  Drone  
  115  10:53  Drone  
  115  10:54  Drone  
  115  10:56  Drone  
Show
View Real Time Build Order
Export as new Build Order

Spirit Terran 

Build Orders: Reaper Expand 

Get SALT Encoding   

  12  0:00  SCV  
  13  0:13  SCV  
  14  0:16  Supply Depot  
  14  0:26  SCV  
  15  0:38  SCV  
  15  0:40  Barracks  
  16  0:44  Refinery  
  16  0:50  SCV  
  17  1:02  SCV  
  18  1:14  SCV  
  19  1:27  Reaper, Orbital Command  
  20  1:39  Command Center  
  20  1:49  Supply Depot  
  20  1:53  SCV  
  21  2:00  Barracks Tech Lab  
  20  2:03  Command Center  
  20  2:08  Engineering Bay  
  20  2:14  Supply Depot  
  20  2:16  SCV  
  21  2:26  Bunker  
  21  2:28  SCV  
  22  2:34  Barracks Reactor  
  22  2:38  Supply Depot  
  22  2:40  SCV  
  22  2:43  Factory  
  23  2:52  SCV  
  24  3:04  SCV  
  25  3:09  Marine  
  25  3:10  Marine  
  27  3:15  Orbital Command  
  27  3:17  SCV  
  28  3:27  Factory Tech Lab, Starport  
  28  3:29  SCV, Marine x2  
  31  3:36  Orbital Command  
  31  3:40  Refinery  
  31  3:41  SCV  
  32  3:53  SCV, Command Center  
  33  4:04  Hellion  
  33  4:05  SCV  
  33  4:06  Hellion  
  38  4:10  Banshee  
  38  4:15  SCV  
  41  4:17  SCV, Cloaking Field  
  41  4:23  Supply Depot  
  42  4:27  SCV  
  42  4:29  SCV  
  42  4:31  Hellion  
  46  4:32  Hellion  
  46  4:37  Barracks Tech Lab  
  48  4:39  SCV  
  48  4:41  SCV  
  50  4:51  SCV  
  50  4:52  Hellion  
  52  4:53  SCV  
  50  5:02  Banshee  
  50  5:03  SCV  
  50  5:05  SCV  
  55  5:11  Orbital Command  
  55  5:15  SCV  
  55  5:18  SCV  
  55  5:19  Stimpack, Marine  
  58  5:25  Factory Reactor  
  58  5:27  SCV  
  58  5:28  Barracks, Bunker  
  59  5:30  SCV  
  60  5:37  Supply Depot, SCV  
  60  5:39  SCV  
  60  5:41  Barracks  
  60  5:42  SCV  
  64  5:50  SCV  
  64  5:52  SCV, Starport Reactor  
  64  5:54  SCV  
  64  5:55  Engineering Bay  
  66  5:59  Engineering Bay, Refinery x2  
  66  6:01  Orbital Command  
  67  6:05  Supply Depot  
  67  6:08  SCV x2  
  67  6:09  Barracks  
  67  6:10  Barracks  
  68  6:15  Supply Depot  
  68  6:20  SCV x2  
  68  6:22  Marine x2  
  68  6:25  Terran Infantry Weapons Level 1  
  72  6:30  Terran Infantry Armor Level 1  
  72  6:32  SCV x2  
  74  6:33  SCV  
  74  6:34  Siege Tank  
  74  6:37  Bunker  
  74  6:38  Supply Depot  
  74  6:39  Marine  
  79  6:40  Marine  
  79  6:43  Marine  
  79  6:44  SCV x2  
  79  6:45  Marine  
  84  6:49  SCV  
  84  6:53  Missile Turret x2  
  85  6:56  SCV, Missile Turret  
  85  6:58  Marine  
  77  7:02  Missile Turret  
  77  7:03  Barracks Reactor  
  77  7:06  Combat Shield, Siege Tank  
  77  7:07  Marine  
  77  7:08  Marine  
  82  7:11  Marine x2  
  82  7:12  Marine  
  84  7:16  Marine  
  74  7:23  Medivac  
  74  7:25  Marine x2  
  74  7:27  Medivac  
  74  7:28  Marine  
  73  7:30  Barracks Reactor, SCV x2, Marine  
  73  7:35  Supply Depot  
  76  7:40  Armory  
  76  7:42  Marine  
  77  7:44  SCV  
  77  7:45  Marine  
  77  7:50  Marine x4  
  83  7:51  SCV, Orbital Command  
  83  7:56  SCV  
  83  7:58  Marine  
  85  8:00  Marine  
  85  8:03  Marine  
  88  8:05  SCV  
  88  8:08  Marine  
  88  8:09  SCV, Missile Turret, Marine x2  
  88  8:10  Marine  
  94  8:16  SCV  
  94  8:18  SCV, Marine  
  97  8:21  SCV  
  97  8:26  Bunker  
  96  8:27  Siege Tank  
  96  8:28  SCV  
  96  8:30  SCV  
  96  8:31  Medivac  
  96  8:32  Medivac  
  96  8:33  Marine  
  105  8:35  SCV, Marine  
  105  8:36  Marine  
  108  8:42  Supply Depot  
  109  8:50  Supply Depot  
  109  8:51  SCV  
  109  8:53  Supply Depot  
  109  8:54  Supply Depot  
  109  8:55  Supply Depot  
  108  8:56  Marine x6  
  108  8:57  Marine  
  108  9:00  Supply Depot  
  115  9:08  Marine x2  
  116  9:13  SCV, Marine  
  116  9:14  Marine x4  
  116  9:15  SCV  
  123  9:21  Marine  
  123  9:23  Marine  
  121  9:26  Marine x2  
  109  9:31  Marine  
  109  9:33  SCV, Marine x3  
  109  9:35  Marine  
  109  9:37  Medivac x2  
  113  9:39  Marine  
  113  9:41  Marine  
  113  9:45  Siege Tank  
  107  9:49  Marine  
  107  9:50  Marine  
  107  9:51  Marine  
  101  9:53  Marine  
  101  9:54  Marine  
  101  9:57  Marine x2  
  101  9:58  Marine  
  101  9:59  Marine  
  86  10:07  Medivac, Marine  
  106  10:08  Marine x2  
  106  10:11  Marine x2  
  91  10:15  Marine x3  
  91  10:17  Marine  
  87  10:25  Marine  
  87  10:26  Marine x2  
  85  10:29  Marine x2  
  85  10:33  Marine x3  
  85  10:35  Marine  
  63  10:42  Marine  
  63  10:44  Marine x2  
  63  10:47  Marine x2  
Tags
 
Add a new tag
Caveats
  • Supply blocks, unpowered buildings, or Contaminate may cause inaccurate times.
  • Supply counts are checked every 10 seconds.